 Dungeon Crawl Stone Soup version 0.19.0-22-gd96e5fe (webtiles) character file.

4617 Jannitor the Fighter (level 10, -7/83 HPs)
             Began as a Demonspawn Skald on Nov 18, 2016.
             Mangled by an orc warrior
             ... wielding a +0 mace
              (9 damage)
             ... on level 7 of the Dungeon.
             The game lasted 00:22:42 (10695 turns).

Jannitor the Fighter (Demonspawn Skald)            Turns: 10695, Time: 00:22:43

Health: -7/83      AC: 12    Str: 13    XL:     10   Next: 19%
Magic:  13/13      EV: 11    Int: 17    God:
Gold:   315        SH:  0    Dex: 12    Spells: 4 memorised, 5 levels left

rFire  . . .     SeeInvis .     m - +0 scimitar
rCold  + . .     Gourm    .     e - +2 robe {rC+}
rNeg   . . .     Faith    .     (no shield)
rPois  +         Spirit   .     s - +0 helmet
rElec  .         Reflect  .     h - +0 cloak
rCorr  .         Harm     .     (no gloves)
MR     +....                    (no boots)
Stlth  +.........               v - amulet of rage
                                (no ring)
                                y - ring of protection from magic

@: sanguine armour, slowed, very slow
A: claws 2, demonic guardian 1, poison resistance, MP-powered wands, sanguine
armour 1
a: Evoke Berserk Rage


You were on level 7 of the Dungeon.
You were very hungry.

You visited 2 branches of the dungeon, and saw 8 of its levels.

You collected 315 gold pieces.

Inventory:

Hand Weapons
 a - a +1 falchion
 m - a +0 scimitar (weapon)
Missiles
 d - 3 throwing nets (quivered)
Armour
 b - a +0 leather armour
 e - a +2 robe of cold resistance (worn)
 h - a +0 cloak (worn)
 p - a +0 leather armour
 s - a +0 helmet (worn)
Jewellery
 l - an uncursed ring of ice
 q - a +3 ring of dexterity {unknown}
 v - an amulet of rage (around neck)
 y - a ring of protection from magic (left claw)
 B - an uncursed ring of loudness
Wands
 j - a wand of confusion (23/48)
 k - a wand of flame (14/48)
 o - a wand of disintegration (24/24)
 w - a wand of enslavement (8/24)
Scrolls
 f - 5 scrolls of identify
 g - 2 scrolls of magic mapping
 r - a scroll of amnesia
 x - a scroll of fear
 z - a scroll of remove curse
Potions
 n - 2 potions of flight
Books
 c - a book of Battle

   Spells                             Type                      Level
   a - Infusion                       Charms                       1
   b - Shroud of Golubria             Charms/Translocation         2
   c - Song of Slaying                Charms                       2
   d - Spectral Weapon                Hexes/Charms                 3
   e - Regeneration                   Charms/Necromancy            3
Comestibles
 i - 2 meat rations
 t - 3 fruits
 u - 2 bread rations


   Skills:
 + Level 9.1 Fighting
 + Level 8.2 Long Blades
 - Level 0.8 Armour
 - Level 0.8 Dodging
 - Level 2.0 Spellcasting
 + Level 8.2 Charms


You had 5 spell levels left.
You knew the following spells:

 Your Spells              Type           Power        Failure   Level  Hunger
a - Infusion              Chrm           ####         1%          1    #......
b - Shroud of Golubria    Chrm/Tloc      ###.......   6%          2    ###....
c - Spectral Weapon       Hex/Chrm       ###.....     12%         3    ###....
d - Song of Slaying       Chrm           ####....     1%          2    ###....


Dungeon Overview and Level Annotations

Branches:
Dungeon (7/15)             Temple (1/1) D:4

Altars:
Ashenzari
Cheibriados
Dithmenos
Elyvilon
Fedhas
Hepliaklqana
Kikubaaqudgha
Makhleb
Nemelex Xobeh
Qazlal
Ru
Sif Muna
Trog
Uskayaw
Vehumet
Xom
Yredelemnul
Zin
The Shining One


Innate Abilities, Weirdness & Mutations

You have very sharp fingernails.
A weak demonic guardian rushes to your aid.
When seriously injured, your bleeding wounds create armour. (AC +6)
Your system is resistant to poisons. (rPois)
You expend magic power (3 MP) to strengthen your wands.


Message History

Mmm - a full handful of strawberries!
You are no longer magically infusing your attacks.
The orc warrior closely misses your quasit.
The orc wizard mumbles some strange words.
The orc wizard flickers and vanishes!
Your quasit barely misses the orc warrior.
Your quasit closely misses the orc warrior.
Your quasit barely misses the orc warrior.
Something hits your quasit!
Your quasit dies!
You feel a little less mighty now.
Your iron imp hits the orc warrior but does no damage.
The orc warrior hits you with a mace.
* * * LOW HITPOINT WARNING * * *
Your iron imp barely misses the orc warrior.
The orc wizard gestures wildly while chanting.
The orc wizard blinks!
Something hits your iron imp but does no damage.
The orc warrior hits you with a mace!
You die...

####..###......8......####
#....o...o..P8.∩..8.......
####.#.##..8....).........
#.o#.....8...P8.8..8....
#.#####o........P....... #{#
#P...P..........>. ####.#
#588.....P........ #.oo.#
#o................ #.####
##@.####....#...... #.# #...#
####........ ###o####
#.###########...### #..o...#
##.........# ###.##.
#......###.........># #.#).
#..5...##.....<.....#####.#.#
#.....)....<................#
#......#.##.........#####.###
#....o...##.........# #.#


You could see an orc warrior, an orc wizard, an orc and a friendly iron imp.

Vanquished Creatures
  Pikel (D:5)
  4 centaur zombies (D:7)
  Sigmund (D:4)
  A hippogriff (D:7)
  2 orc warriors
  2 ice beasts
  2 sky beasts
  A black bear (D:7)
  A phantom (D:6)
  3 ogres
  2 bullfrogs (D:7)
  The ghost of ZeroCool the Sneak, an amateur SpEn (D:3)
  2 wyvern zombies (D:7)
  A scorpion (D:4)
  2 crimson imps
  2 jellies
  Crazy Yiuf (D:3)
  A hound (D:5)
  4 orc wizards
  2 bullfrog skeletons (D:5)
  3 centaur skeletons
  3 orc priests
  An iguana (D:5)
  A worker ant (D:5)
  A worker ant zombie (D:5)
  12 adders
  8 gnolls
  6 shadow imps (D:7)
  2 adder skeletons
  3 worms
  3 dart slugs (D:1)
  4 leopard geckos
  24 orcs
  9 bats
  A giant cockroach (D:7)
  8 hobgoblins
  6 jackals
  7 kobolds
  3 quokkas
  A ball python skeleton (D:5)
  6 frilled lizards
  6 goblins
  A quokka skeleton (D:4)
  A quokka zombie (D:4)
  8 rats
164 creatures vanquished.

Vanquished Creatures (collateral kills)
  A sky beast (D:7)
  2 centaurs
  A scorpion (D:4)
  An orc wizard (D:4)
  2 orc priests
  A worker ant (D:4)
  4 orcs
12 creatures vanquished.

Vanquished Creatures (others)
  A necrophage (D:7)
  A slave (D:7)
  An orc wizard (D:5)
  A bullfrog skeleton (D:5)
  A worker ant (D:5)
  2 orcs (D:5)
  A spectral weapon (D:7)
8 creatures vanquished.

Grand Total: 184 creatures vanquished

Notes
Turn   | Place    | Note
-------+----------+-------------------------------------------
     0 | D:1      | Jannitor the Demonspawn Skald began the quest for the Orb.
     0 | D:1      | Reached XP level 1. HP: 16/16 MP: 3/3
    70 | D:1      | Gained mutation: When seriously injured, your bleeding wounds create armour. (AC +6) [demonic ancestry]
    70 | D:1      | Reached XP level 2. HP: 13/22 MP: 5/5
   935 | D:1      | Reached XP level 3. HP: 23/28 MP: 6/6
  1081 | D:2      | Learned a level 2 spell: Shroud of Golubria
  1226 | D:2      | Found a shadowy altar of Dithmenos.
  1638 | D:2      | Reached skill level 3 in Fighting
  1654 | D:2      | Gained mutation: You have sharp fingernails. [demonic ancestry]
  1654 | D:2      | Reached XP level 4. HP: 25/35 MP: 1/7
  2033 | D:2      | Found a blossoming altar of Fedhas.
  2318 | D:3      | Noticed ZeroCool's ghost (amateur SpEn)
  2816 | D:3      | Reached XP level 5. HP: 27/41 MP: 0/8
  3073 | D:4      | Noticed an ogre
  3080 | D:4      | Killed an ogre
  3358 | D:4      | Found a stormy altar of Qazlal.
  3358 | D:4      | Found a faded altar of an unknown god.
  3373 | D:4      | Found a sacrificial altar of Ru.
  3477 | D:4      | Found a faded altar of an unknown god.
  3478 | D:4      | Found an ancient bone altar of Kikubaaqudgha.
  3612 | D:4      | Reached skill level 4 in Fighting
  3700 | D:4      | Gained mutation: A weak demonic guardian rushes to your aid. [demonic ancestry]
  3700 | D:4      | Reached XP level 6. HP: 32/48 MP: 4/9
  3801 | D:4      | Noticed Sigmund
  3816 | D:4      | Killed Sigmund
  4166 | D:4      | Gained mutation: You have very sharp fingernails. [demonic ancestry]
  4166 | D:4      | Reached XP level 7. HP: 26/55 MP: 4/10
  4635 | D:4      | Found a staircase to the Ecumenical Temple.
  4644 | Temple   | Entered the Ecumenical Temple
  4883 | D:4      | Reached skill level 5 in Fighting
  4968 | D:5      | Entered Level 5 of the Dungeon
  5112 | D:5      | Noticed Pikel
  5277 | D:5      | Reached skill level 5 in Charms
  5615 | D:5      | Reached skill level 5 in Long Blades
  5950 | D:5      | Killed Pikel
  5950 | D:5      | Reached skill level 6 in Fighting
  5950 | D:5      | Reached XP level 8. HP: 64/64 MP: 11/11
  6906 | D:6      | Found a glowing silver altar of Zin.
  7168 | D:3      | Killed ZeroCool's ghost
  7379 | D:3      | Found a runed door.
  7385 | D:3      | Noticed Crazy Yiuf
  7403 | D:3      | Killed Crazy Yiuf
  7742 | D:5      | Reached skill level 7 in Fighting
  8286 | D:6      | Reached XP level 9. HP: 38/72 MP: 5/12
  8724 | D:7      | Noticed a hellwing
  8737 | D:7      | Noticed a hellwing
  9232 | D:7      | Learned a level 3 spell: Spectral Weapon
  9235 | D:7      | Learned a level 2 spell: Song of Slaying
  9313 | D:7      | Found a basalt altar of Yredelemnul.
  9330 | D:7      | Reached skill level 8 in Fighting
  9471 | D:7      | Gained mutation: Your spells are a little easier to cast, but a little less powerful. [potion of mutation]
  9471 | D:7      | Lost mutation: Your spells are a little easier to cast, but a little less powerful. [potion of mutation]
  9471 | D:7      | Gained mutation: Your system is resistant to poisons. (rPois) [potion of mutation]
  9846 | D:7      | Reached XP level 10. HP: 82/82 MP: 9/13
 10012 | D:7      | Reached skill level 9 in Fighting
 10282 | D:7      | Gained mutation: You expend magic power (3 MP) to strengthen your wands. [mutagenic meat]
 10675 | D:7      | HP: 1/83 [orc wizard/magic dart (8)]
 10692 | D:7      | HP: 1/83 [orc warrior/mace (6)]
 10695 | D:7      | Mangled by an orc warrior

Skill      XL: |  1  2  3  4  5  6  7  8  9 10 |
---------------+-------------------------------+-----
Long Blades    | 2 3 4 5 6 7 8 |  8.2
Charms         | 3 4 5 6 7 8 |  8.2
Fighting       | 3 4 6 7 8 9 |  9.1
Armour         | |  0.8
Dodging        | |  0.8
Spellcasting   | |  2.0

Action                   |  1- 3 |  4- 6 |  7- 9 | 10-12 || total
-------------------------+-------+-------+-------+-------++-------
Melee: Falchion          |   108 |   187 |   216 |       ||   511
       Scimitar          |       |       |   166 |    81 ||   247
 Cast: Infusion          |     5 |    10 |    24 |     4 ||    43
       Shroud of Golubri |       |     2 |    18 |     5 ||    25
       Song of Slaying   |       |       |     1 |     1 ||     2
       Spectral Weapon   |       |       |     1 |       ||     1
Evoke: Wand              |       |       |     2 |       ||     2
  Use: Potion            |       |     4 |     9 |     1 ||    14
       Scroll            |       |    10 |     5 |       ||    15
 Stab: Invisible         |       |     2 |       |       ||     2
       Distracted        |       |     1 |     2 |     1 ||     4
  Eat: Chunk             |     2 |     5 |    15 |     2 ||    24
       Bread ration      |       |     1 |       |       ||     1
       Fruit             |       |       |     1 |     1 ||     2
       Meat ration       |       |       |     1 |       ||     1
Armor: Leather armour    |    40 |    74 |    45 |       ||   159
       Skin              |       |       |    18 |       ||    18
       Robe              |       |       |    75 |    33 ||   108
Dodge: Dodged            |   101 |   113 |   214 |    33 ||   461
       Rpst.: Falchion   |    31 |    34 |    36 |       ||   101
       Scimitar          |       |       |    20 |    13 ||    33
